 Dungeon Crawl Stone Soup version 0.24.0-2-g5b39cebb1c (webtiles) character file.

Game seed: 4420280362434478514, levelgen mode: deterministic

914 Mrkan the Skirmisher (level 7, -4/79 HPs)
             Began as a Troll Monk on Oct 31, 2019.
             Was a Priest of Nemelex Xobeh.
             Killed by divine providence
             ... invoked by an orc priest
              (16 damage)
             ... on level 5 of the Dungeon.
             The game lasted 00:09:36 (3447 turns).

Mrkan the Skirmisher (Troll Monk)                   Turns: 3447, Time: 00:09:37

Health: -4/79      AC:  7    Str: 20    XL:     7   Next: 82%
Magic:  7/7        EV: 10    Int:  8    God:    Nemelex Xobeh [***...]
Gold:   254        SH:  0    Dex: 12    Spells: 6/6 levels left

rFire    . . .     SeeInvis .     - Unarmed
rCold    . . .     Gourm    +   (no shield)
rNeg     . . .     Faith    .   a - +0 robe
rPois    .         Spirit   .   (helmet restricted)
rElec    .         Reflect  .   j - +0 cloak
rCorr    .         Harm     .   (gloves unavailable)
MR       .....                  (boots unavailable)
Stlth    ++........             (no amulet)
HPRegen  0.63/turn              (no ring)
MPRegen  0.10/turn              (no ring)

@: hasted, studying Fighting, very quick
A: large, unfitting armour, claws 3, fast metabolism 3, gourmand, regeneration
1, shaggy fur 1, tough skin 3
a: Draw Escape, Draw Destruction, Draw Summoning, Triple Draw, Renounce Religion


You were on level 5 of the Dungeon.
You worshipped Nemelex Xobeh.
Nemelex Xobeh was most pleased with you.
You were very full.

You visited 1 branch of the dungeon, and saw 5 of its levels.

You collected 254 gold pieces.

Inventory:

Armour
 a - a +0 robe (worn)
 j - a +0 cloak (worn)
Jewellery
 k - a cursed amulet of inaccuracy {unknown}
 p - an uncursed ring of ice {unknown}
Wands
 r - a wand of acid (11)
 t - a wand of polymorph (11)
 u - a wand of digging (6)
Scrolls
 e - 3 scrolls of identify {unknown}
 g - 2 scrolls of teleportation {unknown}
 m - a scroll of amnesia {unknown}
 n - 5 scrolls of remove curse {unknown}
 s - a scroll of fear {unknown}
Potions
 c - a potion of flight {unknown}
 d - a potion of cancellation {unknown}
 f - 3 potions of resistance {unknown}
 h - 6 potions of lignification {unknown}
 l - a potion of haste
 o - a potion of might {unknown}
 v - a potion of curing {unknown}
 w - 2 potions of degeneration {unknown}
Books
 q - a manual of Fighting
Comestibles
 b - 13 rations
 i - 4 chunks of flesh


   Skills:
 * Level 7.8 Fighting
 - Level 2.4 Dodging
 - Level 1.0 Stealth
 - Level 6.0 Unarmed Combat
 + Level 1.5 Invocations


You had 6 spell levels left.
You didn't know any spells.
Your spell library was empty.

Dungeon Overview and Level Annotations

Branches:
Dungeon (5/15)             Temple (0/1) D:4

Altars:
Elyvilon
Kikubaaqudgha
Nemelex Xobeh
Qazlal
Xom

Shops:
D:4 [


Innate Abilities, Weirdness & Mutations

You are too large for most types of armour.
You have claws for hands.
Your metabolism is lightning-fast.
You like to eat raw meat.
Your natural rate of healing is unusually fast.
You are covered in fur. (AC +1)
You have extremely tough skin. (AC +3)


Message History

Beogh smites you!
* * * LOW HITPOINT WARNING * * *
You draw a card...
You have drawn the Storm.
A fierce wind blows from the card.
The ice beast and the orc priests are blown away by the wind.
The orc priest collides with the ice beast!
You hear mighty peals of thunder!
The orc priest invokes the aid of Beogh against you.
Beogh smites you!
* * * LOW HITPOINT WARNING * * *
Okay, then.
The orc priest calls upon Beogh to heal the orc priest.
The orc priest is healed somewhat.
The orc priest looks braver for a moment.
Okay, then.
Unknown command.
You feel yourself speed up.
The orc priest invokes the aid of Beogh against you.
Beogh smites you!
You die...
Your body glows with a rainbow of weird colours and disappears.

#####.#.........## ##
#.############ #. ##'## #
#. ##...## ## #.##
##.....## ###.
#..######.......# ##.#.
##................####....
#............[....+.......
##...###.@........####....
#..## #.#.......## ##.#.
#...# #.##.....## ###.
#.#.# #.###...## #. #.#.#
#.# #+## .. #.#.###o# ..
#.Y...o.# .. ###o#####
#.o..Y.....


You could see an orc priest and an orc.

Vanquished Creatures
  A hungry ghost (D:4)
  2 centaurs
  A wyvern zombie (D:5)
  A vampire bat (D:4)
  A crimson imp (D:5)
  A hound (D:4)
  An orc priest (D:5)
  A gnoll shaman (D:4)
  Jessica (D:2)
  Ijyb (D:5)
  A worker ant (D:3)
  2 orc wizards (D:5)
  A hound skeleton (D:4)
  9 gnolls
  5 adders
  An ooze (D:2)
  A worm (D:4)
  A dart slug (D:2)
  5 leopard geckos
  17 orcs
  3 bat skeletons (D:4)
  3 bat zombies (D:4)
  7 giant cockroaches
  9 goblins
  4 hobgoblins
  4 jackals
  6 kobolds
  5 quokkas
  4 ball pythons
  11 bats
  6 frilled lizards
  2 quokka skeletons (D:4)
  4 rats
122 creatures vanquished.

Notes
Turn   | Place    | Note
-------+----------+-------------------------------------------
     0 | D:1      | Mrkan the Troll Monk began the quest for the Orb.
     0 | D:1      | Reached XP level 1. HP: 22/22 MP: 0/0
    59 | D:1      | Reached XP level 2. HP: 29/29 MP: 1/1
   225 | D:1      | You fall into a shaft and drop 1 floor!
   312 | D:2      | Reached XP level 3. HP: 36/36 MP: 2/2
   329 | D:2      | Found a sparkling altar of Nemelex Xobeh.
   371 | D:2      | Became a worshipper of Nemelex Xobeh the Trickster
   371 | D:2      | Received a gift from Nemelex Xobeh
   371 | D:2      | Reached * piety under Nemelex Xobeh
   371 | D:2      | Received a gift from Nemelex Xobeh
   371 | D:2      | Received a gift from Nemelex Xobeh
   371 | D:2      | Reached ** piety under Nemelex Xobeh
   420 | D:2      | Reached XP level 4. HP: 35/44 MP: 3/3
   432 | D:2      | Reached skill level 5 in Unarmed Combat
   701 | D:2      | Noticed Jessica
   708 | D:2      | Killed Jessica
   805 | D:2      | Received a gift from Nemelex Xobeh
   897 | D:2      | Reached XP level 5. HP: 45/50 MP: 4/4
  1666 | D:3      | Received a gift from Nemelex Xobeh
  2004 | D:4      | Found a shimmering altar of Xom.
  2011 | D:4      | Noticed a centaur
  2015 | D:4      | Noticed a centaur
  2069 | D:3      | Killed a centaur
  2069 | D:3      | Reached skill level 3 in Fighting
  2069 | D:3      | Reached XP level 6. HP: 4/61 MP: 5/5
  2169 | D:4      | Reached skill level 4 in Fighting
  2231 | D:4      | Noticed a hungry ghost
  2253 | D:4      | Killed a hungry ghost
  2253 | D:4      | Reached skill level 5 in Fighting
  2253 | D:4      | Reached XP level 7. HP: 27/72 MP: 6/6
  2483 | D:4      | Reached skill level 6 in Fighting
  2550 | D:4      | Found a staircase to the Ecumenical Temple.
  2570 | D:4      | Found a white marble altar of Elyvilon.
  2571 | D:4      | Found a stormy altar of Qazlal.
  2583 | D:4      | Found Tomones's Antique Armour Boutique.
  2600 | D:4      | Reached *** piety under Nemelex Xobeh
  2787 | D:4      | Received a gift from Nemelex Xobeh
  2845 | D:4      | Found an ancient bone altar of Kikubaaqudgha.
  2951 | D:5      | Entered Level 5 of the Dungeon
  2990 | D:5      | Reached skill level 7 in Fighting
  3010 | D:5      | Noticed Ijyb
  3019 | D:5      | Killed Ijyb
  3203 | D:5      | Reached skill level 1 in Invocations
  3415 | D:5      | Received a gift from Nemelex Xobeh
  3447 | D:5      | Killed from afar by an orc priest

Levels and vault maps discovered:
D:1:      eino_arrival_tree_alley, layout_basic
D:2:      layout_loops_cross, nemelex_spade_bored_becter, uniq_jessica
D:3:      layout_loops_corners
D:4:      layout_gridville, lemuel_crystal_altar, kennysheep_vampire_church,
          chequers_temple_overflow_statue_of_worship, minmay_temple_entry_wispy,
          first_ration, serial_shops, nicolae_shop_trees, minmay_manual_mares
D:5:      layout_loops_corners, lemuel_coloured_pillars_altar,
          minmay_misc_feat_diagonals, kennysheep_generic_room_12,
          uniq_blork_the_orc, uniq_ijyb

Skill      XL: |  1  2  3  4  5  6  7 |
---------------+----------------------+-----
Unarmed Combat | 4 5 6 |  6.0
Fighting       | 3 5 7 |  7.8
Invocations    | 1 |  1.5
Dodging        | |  2.4
Stealth        | |  1.0

Action                   |  1- 3 |  4- 6 |  7- 9 || total
-------------------------+-------+-------+-------++-------
Melee: Unarmed           |    55 |   149 |   116 ||   320
       Punch             |       |     2 |     2 ||     4
 Abil: Draw Destruction  |       |       |     1 ||     1
  Use: Potion            |       |       |     2 ||     2
 Stab: Sleeping          |       |     4 |     1 ||     5
  Eat: Chunk             |     8 |    18 |    19 ||    45
Armor: Robe              |    42 |    64 |    58 ||   164
Dodge: Dodged            |    53 |   101 |    86 ||   240
